Map: Ulrena

Players

TAG

  • Race: Zerg Zerg
  • League: Diamond

LilDicky - Winner!

  • Race: Terran Terran
  • League: Diamond

VOD

http://www.twitch.tv/tumescentpie

Description

Time

  • Played on: Dec. 26, 2015, 8:13 p.m.
  • Length: 5:06
Show
View Real Time Build Order
Export as new Build Order

TAG Zerg 

Build Orders: Hatch First 

Get SALT Encoding   

  12  0:01  Drone  
  13  0:09  Drone  
  14  0:17  Overlord  
  14  0:22  Extractor  
  14  0:23  Drone  
  15  0:35  Drone x2  
  17  0:44  Drone  
  18  0:55  Drone  
  19  1:06  Hatchery  
  18  1:12  Drone  
  19  1:19  Drone  
  19  1:20  Extractor  
  19  1:24  Spawning Pool  
  17  1:27  Drone  
  18  1:40  Overlord  
  18  1:50  Drone  
  19  2:01  Overlord  
  19  2:15  Queen  
  21  2:17  Queen  
  21  2:20  Drone x2  
  25  2:24  Metabolic Boost  
  25  2:25  Evolution Chamber  
  25  2:26  Drone  
  26  2:30  Drone  
  26  2:34  Drone  
  27  2:39  Drone  
  27  2:42  Drone  
  29  2:54  Drone x2  
  31  2:59  Zerg Melee Weapons Level 1  
  31  3:02  Queen  
  33  3:06  Overlord  
  33  3:21  Overlord x2  
  33  3:25  Zergling x2  
  33  3:26  Zergling x6  
  37  3:28  Zergling x2  
  38  3:35  Overlord  
  38  3:48  Zergling x8  
  37  3:59  Spine Crawler  
  34  4:21  Zergling x2  
  25  4:28  Zergling x6  
Show
View Real Time Build Order
Export as new Build Order

LilDicky Terran - Winner!

Build Orders:  

Get SALT Encoding   

  12  0:02  SCV  
  13  0:14  SCV  
  14  0:18  Supply Depot  
  14  0:26  SCV  
  15  0:40  SCV  
  15  0:42  Barracks  
  16  0:52  SCV  
  16  1:12  SCV  
  17  1:23  Supply Depot  
  17  1:26  Barracks  
  17  1:27  Barracks  
  17  1:31  Barracks  
  17  1:39  Marine  
  18  1:50  Orbital Command  
  18  1:57  Marine  
  19  2:11  Supply Depot  
  19  2:13  Marine  
  19  2:15  Marine  
  20  2:19  Marine  
  20  2:20  SCV  
  23  2:26  Marine  
  24  2:31  Marine  
  24  2:33  SCV, Marine  
  27  2:37  Marine  
  28  2:44  Marine  
  28  2:45  SCV  
  28  2:48  Marine  
  31  2:53  Marine  
  31  2:55  Marine  
  31  2:57  SCV  
  34  3:02  Marine  
  34  3:05  Supply Depot  
  35  3:06  Marine  
  36  3:37  Marine x4  
  38  3:55  Marine x4  
  40  3:59  SCV  
  42  4:13  Marine  
  42  4:21  Marine x3  
  34  4:32  Marine  
  35  4:38  Marine  
  36  4:48  Marine  
Tags
 
Add a new tag
Caveats
  • Supply blocks, unpowered buildings, or Contaminate may cause inaccurate times.
  • Supply counts are checked every 10 seconds.